 Dungeon Crawl Stone Soup version 0.28-a0-793-g31680bbd8b (webtiles) character file.

Game seed: 15971613377563506489

579 mumon the Conjurer (level 7, 0/36 HPs)
             Began as a Tengu Fire Elementalist on Nov 4, 2021.
             Killed from afar by an orc wizard (5 damage)
             ... with a puff of flame
             ... on level 4 of the Dungeon.
             The game lasted 00:19:53 (4368 turns).

mumon the Conjurer (Tengu Fire Elementalist)        Turns: 4368, Time: 00:19:54

Health: 0/36       AC:  2    Str:  8    XL:     7   Next: 36%
Magic:  7/11       EV: 14    Int: 18    God:
Gold:   123        SH:  0    Dex: 14    Spells: 3/10 levels left

rFire   . . .      SeeInvis .   u - +1 short sword (elec)
rCold   . . .      Faith    .   (no shield)
rNeg    . . .      Spirit   .   a - +0 robe
rPois   .          Reflect  .   (helmet restricted)
rElec   .          Harm     .   (no cloak)
rCorr   .          Rampage  .   (no gloves)
Will    .....                   (boots unavailable)
Stlth   ++........              (no amulet)
HPRegen 0.12/turn               (no ring)
MPRegen 0.12/turn               (no ring)

@: flying quickly and evasively, quick
A: beak, talons 3, nimble flight
a: no special abilities


You were on level 4 of the Dungeon.
You visited 1 branch of the dungeon, and saw 4 of its levels.

You collected 123 gold pieces.

Inventory:

Hand Weapons
 e - a +0 short sword
 g - a +0 spear
 k - a +1 dagger of venom
 n - a +0 hunting sling
 s - a +0 dagger of draining
 u - a +1 short sword of electrocution (weapon)
Missiles
 d - 153 stones
 h - 41 poisoned darts (quivered)
 m - 14 arrows
 p - 24 bolts
 r - 8 boomerangs
 t - 19 sling bullets
Armour
 a - a +0 robe (worn)
Scrolls
 b - a scroll of fog {unknown}
 c - a scroll of blinking {unknown}
 f - a scroll of immolation {unknown}
 o - a scroll of teleportation {unknown}
Potions
 i - a potion of curing {unknown}
 j - 2 potions of brilliance {unknown}
 l - a potion of degeneration {unknown}
 q - 2 potions of heal wounds {unknown}


   Skills:
 - Level 2.1 Dodging
 - Level 2.0 Stealth
 - Level 2.0 Spellcasting
 + Level 7.1 Conjurations
 + Level 6.8 Fire Magic


You had 3 spell levels left.
You knew the following spells:

 Your Spells              Type           Power      Damage    Failure   Level
a - Foxfire               Conj/Fire      100%       2x1d9     1%          1
b - Scorch                Fire           52%        2d8       1%          2
c - Flame Wave            Conj/Fire      26%        3d6       11%         4

Your spell library contained the following spells:

 Spells                   Type           Power      Damage    Failure   Level
 Conjure Flame            Conj/Fire      26%        6-21      3%          3
 Shock                    Conj/Air       56%        1d6       4%          1
 Inner Flame              Hex/Fire       14%        N/A       14%         3
 Corpse Rot               Necr/Air       2%         N/A       26%         2
 Swiftness                Air            1%         N/A       47%         3
 Airstrike                Air            0%         N/A       87%         4
 Dispel Undead            Necr           1%         3d6       87%         4
 Death Channel            Necr           0%         N/A       100%        6


Dungeon Overview and Level Annotations

Branches:
Dungeon (4/15)
 Temple: D:4-7

Altars:

Shops:
D:1 (


Innate Abilities, Weirdness & Mutations

You have a beak for a mouth.
You have claws for feet.
Your magical nature lets you fly swiftly and evasively.


Message History

The orc barely misses you.
The orc wizard gestures wildly while chanting.
The orc wizard flickers and vanishes!
You closely miss the orc.
The orc is almost dead.
The orc hits you but does no damage. The orc hits you with a +0 dagger.
You hit the orc. Lightning courses through the orc!
You kill the orc!
Casting: Scorch (safe; 1% risk of failure)
Confirm with . or Enter, or press ? or * to list all spells.
You miscast Scorch.
You are very lightly contaminated with residual magic.
Nothing appears to happen.
You hear some strange, mumbled words.
A puff of flame appears from out of thin air!
The puff of flame hits you!
The orc wizard gestures wildly while chanting.
The orc wizard flickers and vanishes!
Casting: Scorch (safe; 1% risk of failure)
Confirm with . or Enter, or press ? or * to list all spells.
The spell is quite dangerous to cast (11% risk of failure)!
Continue anyway?
Casting: Flame Wave (quite dangerous; 11% risk of failure)
Press: ? - help, Dir - look around, f - activate You miscast Flame Wave.
Energy rips through your body! Something hits you.
Casting: Flame Wave (quite dangerous; 11% risk of failure)
Confirm with . or Enter, or press ? or * to list all spells.
Okay, then.
Unknown command.
Unknown command.
Unknown command.
A magic dart appears from out of thin air!
The magic dart hits you!
* * * LOW HITPOINT WARNING * * *
Okay, then.
The necrophage closely misses you.
There is an open door here.
Your magical contamination has completely faded away.
The orc wizard casts a spell at you. The puff of flame hits you.
You die...

#.##..# #.#.......
#.#...###.........
#.....o..o........
##[#...####........
##.#.#..##
##.......
#)###..#.# ##.....#
##.#.##.## ##...##
##.##### ##'## #@#
#.#
#.############.###
#..n<..........{.#
########.###.....#
#.....# #.....#
#...... #####.#
...#


You could see an orc wizard.

Vanquished Creatures
  Grinder (D:4)
  Duvessa (D:4)
  Dowan (D:4)
  A howler monkey (D:4)
  An orc priest (D:4)
  A hound (D:4)
  A hound skeleton (D:4)
  Robin (D:2)
  A gnoll (D:1)
  2 adders
  An adder skeleton (D:4)
  7 orcs
  7 ball pythons
  5 endoplasms
  3 giant cockroaches
  14 goblins
  13 hobgoblins
  10 kobolds
  4 quokkas
  3 bats
  2 frilled lizards
  2 rats
82 creatures vanquished.

Vanquished Creatures (others)
  121 foxfires
121 creatures vanquished.

Grand Total: 203 creatures vanquished

Notes
Turn   | Place    | Note
-------+----------+-------------------------------------------
     0 | D:1      | mumon the Tengu Fire Elementalist began the quest for the
                  | Orb.
     0 | D:1      | Reached XP level 1. HP: 10/10 MP: 4/4
   163 | D:1      | Reached skill level 2 in Conjurations
   250 | D:1      | Reached XP level 2. HP: 15/15 MP: 4/6
   363 | D:1      | Learned a level 2 spell: Scorch
   464 | D:1      | Found Siguroi's Weapon Emporium.
   580 | D:1      | Reached XP level 3. HP: 12/19 MP: 3/7
   584 | D:1      | Reached skill level 3 in Conjurations
   972 | D:1      | Found a faded altar of an unknown god.
  1518 | D:2      | Reached XP level 4. HP: 24/24 MP: 6/8
  1849 | D:2      | Noticed Robin
  1872 | D:2      | Killed Robin
  1873 | D:2      | Reached skill level 4 in Conjurations
  3001 | D:3      | Gained mutation: Your magical nature lets you fly swiftly
                  | and evasively. [Tengu growth]
  3001 | D:3      | Reached XP level 5. HP: 28/28 MP: 7/9
  3260 | D:4      | Reached skill level 5 in Fire Magic
  3351 | D:4      | Noticed Grinder
  3503 | D:4      | Noticed Duvessa
  3544 | D:4      | Noticed Dowan
  3551 | D:4      | Killed Duvessa
  3552 | D:4      | Reached skill level 5 in Conjurations
  3552 | D:4      | Reached XP level 6. HP: 32/32 MP: 0/10
  3561 | D:4      | Killed Dowan
  3829 | D:4      | Reached skill level 6 in Conjurations
  3852 | D:4      | Noticed a necrophage
  4046 | D:4      | Killed Grinder
  4047 | D:4      | Reached XP level 7. HP: 36/36 MP: 2/11
  4124 | D:4      | Learned a level 4 spell: Flame Wave
  4134 | D:4      | Reached skill level 7 in Conjurations
  4368 | D:4      | Killed from afar by an orc wizard

Illustrated notes

Levels and vault maps discovered:
D:1:      dpeg_arrival_windows_large_door, layout_basic,
          shapermc_ecumenical_altar_gd, serial_shops, shop
D:2:      layout_rooms, uniq_robin
D:3:      layout_loops_corners
D:4:      layout_loops_corners, uniq_grinder, uniq_blork_the_orc, uniq_duvessa

Skill      XL: |  1  2  3  4  5  6  7 |
---------------+----------------------+-----
Conjurations   | 2 3 4 5 6 7 |  7.1
Fire Magic     | 4 5 6 |  6.8
Dodging        | |  2.1
Stealth        | |  2.0
Spellcasting   | |  2.0

Action                   |  1- 3 |  4- 6 |  7- 9 || total
-------------------------+-------+-------+-------++-------
Melee: Unarmed           |     7 |       |       ||     7
       Kick              |     7 |     3 |       ||    10
       Peck              |     3 |     1 |       ||     4
       Short sword       |    10 |       |     3 ||    13
       Dagger            |       |    11 |       ||    11
 Fire: Hunting sling     |       |    61 |       ||    61
Throw: Dart              |       |     1 |       ||     1
 Cast: Foxfire           |    40 |    27 |     3 ||    70
       Scorch            |     4 |    29 |     2 ||    35
       Flame Wave        |       |       |     1 ||     1
 Stab: Sleeping          |       |     1 |       ||     1
Armor: Robe              |     6 |     1 |     1 ||     8
Dodge: Dodged            |    15 |    19 |     2 ||    36

Table legend: (Time is in decaauts)
 A = Elapsed time spent in this place.
 B = Non-inter-level travel time spent in this place.
 C = Inter-level travel time spent in this place.
 D = Time resting spent in this place.
 E = Time spent auto-exploring this place.
 F = Levels seen in this place.
 G = Mean time per level.
                   A        B        C        D        E       F      G
               +--------+--------+--------+--------+--------+-----+--------+
         Total |   4320 |   4133 |    187 |    589 |   2774 |   4 | 1080.0 |
       Dungeon |   4320 |   4133 |    187 |    589 |   2774 |   4 | 1080.0 |
               +--------+--------+--------+--------+--------+-----+--------+

Top non-repeatable levels by time:
     D:3: 1559 daAuts
     D:1: 1252 daAuts
     D:2: 947 daAuts
     D:4: 560 daAuts
